 Dungeon Crawl Stone Soup version 0.32-a0-630-g46d191b0ed (webtiles) character file.

Game seed: 16038239882323448281

329 Dittersdorf the Shield-Bearer (level 6, 0/39 HPs)
             Began as a Gargoyle Fighter on Mar 6, 2024.
             Slain by an ogre
             ... wielding a +0 giant club
              (13 damage)
             ... on level 4 of the Dungeon.
             The game lasted 00:03:04 (3036 turns).

Dittersdorf the Shield-Bearer (Gargoyle Fighter)    Turns: 3036, Time: 00:03:04

Health: 0/39       AC: 14    Str: 21    XL:     6   Next: 51%
Magic:  6/6        EV:  9    Int:  9    God:
Gold:   138        SH:  4    Dex:  9    Spells: 5/5 levels left

rFire   . . .        a - +0 flail
rCold   . . .        c - +0 buckler
rNeg    + . .        b - +0 scale mail
rPois   ∞            j - +0 helmet
rElec   +            p - scarf {repulsion}
rCorr   .            (no gloves)
SInv    .            y - +0 pair of boots
Will    .....        z - amulet of faith Stlth
                     (no ring)
HPRegen 0.26/turn    (no ring)
MPRegen 0.10/turn

%: repel missiles, faith
@: no status effects
A: sickness immunity, AC +4, negative energy resistance 1, electricity
resistance, torment resistance 1, petrification resistance
a: no special abilities


You were on level 4 of the Dungeon.
You visited 1 branch of the dungeon, and saw 4 of its levels.

You collected 138 gold pieces.

Inventory:

Hand Weapons
 a - a +0 flail (weapon)
Armour
 b - a +0 scale mail (worn)
 c - a +0 buckler (worn)
 j - a +0 helmet (worn)
 p - a scarf of repulsion (worn)
 y - a +0 pair of boots (worn)
Jewellery
 f - a ring of ice
 z - an amulet of faith (around neck)
Wands
 g - a wand of paralysis (6)
 x - a wand of mindburst (17) (quivered)
Scrolls
 e - 2 scrolls of poison {unknown}
 h - 2 scrolls of immolation {unknown}
 m - a scroll of vulnerability {unknown}
 n - a scroll of summoning {unknown}
 o - a scroll of noise {unknown}
 q - 2 scrolls of enchant weapon {unknown}
 t - 3 scrolls of teleportation {unknown}
 v - a scroll of fear {unknown}
Potions
 d - 2 potions of might
 i - a potion of enlightenment {unknown}
 k - a potion of heal wounds {unknown}
 l - 5 potions of curing
 s - a potion of haste
 u - a potion of cancellation
 w - 2 potions of mutation


   Skills:
 + Level 4.7 Fighting
 + Level 3.7 Maces & Flails
 + Level 4.8 Armour
 + Level 4.8 Shields


You had 5 spell levels left.
You didn't know any spells.
Your spell library was empty.

Dungeon Overview and Level Annotations

Branches:
Dungeon (4/15)
 Temple: D:4-7

Altars:
Elyvilon
Ru

Shops:
D:1 (   D:3 (=!


Innate Abilities, Weirdness & Mutations

You are immune to sickness and miasma.
Your stone body is resilient. (AC +4)
You are immune to poison.
You resist negative energy. (rN+)
You are resistant to electric shocks. (rElec)
You are resistant to unholy torment.
You are immune to petrification.


Message History

The hound is severely wounded.
The hound bites you but does no damage. The hound closely misses you.
You sock the hound!
You kill the hound!
You sock the ogre!
The ogre is moderately wounded.
The ogre barely misses you.
You hit the ogre.
The ogre is heavily wounded.
The ogre hits you with a +0 giant club!
You barely miss the ogre.
The ogre is heavily wounded.
The ogre hits you with a +0 giant club!
You are too injured to fight recklessly!
You are too injured to fight recklessly!
You are too injured to fight recklessly!
You are too injured to fight recklessly!
You are too injured to fight recklessly!
You are too injured to fight recklessly!
You are too injured to fight recklessly!
You are too injured to fight recklessly!
You are too injured to fight recklessly!
You are too injured to fight recklessly!
You are too injured to fight recklessly!
You are too injured to fight recklessly!
You are too injured to fight recklessly!
You are too injured to fight recklessly!
You are too injured to fight recklessly!
You are too injured to fight recklessly!
You are too injured to fight recklessly!
You are too injured to fight recklessly!
You barely miss the ogre.
The ogre is heavily wounded.
The ogre barely misses you.
You barely miss the ogre.
The ogre is heavily wounded.
You sock the ogre!
The ogre is almost dead.
The ogre hits you with a +0 giant club!
You die...

#. #. ###### #.
####....# #.
#.##....########.
#................
#.###############
########.#..............
......O@.#.#############
##########.# ##########
#.# #.........
#######.####.########
.............#.......
######.###....######
#.#......##....
#.#.###..#####.
#######.#.####.###...


You could see an ogre.

Vanquished Creatures
  A phantom (D:2)
  A hound (D:4)
  Terence (D:3)
  Ijyb (D:2)
  8 adders
  4 gnolls
  A dart slug (D:1)
  4 bats
  6 endoplasms
  3 giant cockroaches
  5 hobgoblins
  6 kobolds
  2 quokkas
  6 ball pythons
  5 frilled lizards
  9 goblins
  6 rats
69 creatures vanquished.

Notes
Turn   | Place    | Note
-------+----------+-------------------------------------------
     0 | D:1      | Dittersdorf the Gargoyle Fighter began the quest for the
                  | Orb.
     0 | D:1      | Reached XP level 1. HP: 14/14 MP: 1/1
   206 | D:1      | Reached XP level 2. HP: 19/19 MP: 2/2
   232 | D:1      | Found Otoiskis's Antique Weapon Shoppe.
   685 | D:1      | Reached XP level 3. HP: 23/23 MP: 3/3
  1258 | D:2      | Found a faded altar of an unknown god.
  1286 | D:2      | Reached XP level 4. HP: 29/29 MP: 4/4
  1466 | D:2      | Found a sacrificial altar of Ru.
  1817 | D:3      | Found Kirghah Mofuc's Book Boutique.
  1854 | D:3      | Found a white marble altar of Elyvilon.
  1858 | D:3      | Noticed Ijyb
  1858 | D:3      | Noticed a phantom
  1984 | D:2      | Killed Ijyb
  2103 | D:2      | Killed a phantom
  2104 | D:2      | Reached XP level 5. HP: 22/34 MP: 5/5
  2302 | D:3      | Reached XP level 6. HP: 38/39 MP: 6/6
  2336 | D:3      | Found Parir's Antique Weapon Shop.
  2365 | D:3      | Found Ylaatwox's Jewellery Boutique.
  2429 | D:3      | Noticed Terence
  2453 | D:3      | Killed Terence
  2566 | D:3      | Found Zalu's Distillery.
  3036 | D:4      | Slain by an ogre

Illustrated notes

Levels and vault maps discovered:
D:1:      elethiomel_arrival_shortcut, layout_basic, serial_shops,
          nicolae_diamond_shop
D:2:      layout_loops_corners, shapermc_ecumenical_altar_pompeii, basic_altar
D:3:      layout_rooms, nicolae_elyvilon_peaceful_grove, serial_shops, shop,
          nicolae_shop_back_alley_shop, shop, nicolae_square_shop, uniq_ijyb,
          uniq_terence
D:4:      layout_basic, uniq_menkaure, uniq_sigmund

Skill      XL: |  1  2  3  4 |
---------------+-------------+-----
Armour         | 4 |  4.8
Shields        | 4 |  4.8
Fighting       | 4 |  4.7
Maces & Flails | 3 |  3.7

Action                     |  1- 3 |  4- 6 || total
---------------------------+-------+-------++-------
  Melee: Flail             |   129 |   220 ||   349
    Use: Scroll            |       |     6 ||     6
 Armour: Scale mail        |   112 |   191 ||   303
  Dodge: Dodged            |    67 |    95 ||   162
         Repelled          |       |     3 ||     3
  Block: Buckler           |    25 |    48 ||    73

Table legend: (Time is in decaauts)
 A = Elapsed time spent in this place.
 B = Non-inter-level travel time spent in this place.
 C = Inter-level travel time spent in this place.
 D = Time resting spent in this place.
 E = Time spent auto-exploring this place.
 F = Levels seen in this place.
 G = Mean time per level.
                   A        B        C        D        E       F      G
               +--------+--------+--------+--------+--------+-----+--------+
         Total |   3144 |   3078 |     66 |    451 |   1820 |   4 |  786.0 |
       Dungeon |   3144 |   3078 |     66 |    451 |   1820 |   4 |  786.0 |
               +--------+--------+--------+--------+--------+-----+--------+

Top non-repeatable levels by time:
     D:2: 1271 daAuts
     D:1: 812 daAuts
     D:3: 754 daAuts
     D:4: 306 daAuts
